 Dungeon Crawl Stone Soup version 0.31-a0-609-g7bf6ffcfed (webtiles) character file.

Game seed: 15401329959733601073

196 javelincjr the Conjurer (level 5, -21/31 HPs)
             Began as an Octopode Conjurer on Aug 21, 2023.
             Demolished by an ogre
             ... wielding a +0 giant club
              (33 damage)
             ... on level 4 of the Dungeon.
             The game lasted 00:10:28 (3297 turns).

javelincjr the Conjurer (Octopode Conjurer)         Turns: 3297, Time: 00:10:29

Health: -21/31     AC:  1    Str:  6    XL:     5   Next: 75%
Magic:  0/9        EV: 14    Int: 23    God:
Gold:   128        SH:  0    Dex: 16    Spells: 7/10 levels left

rFire   . . .        (no weapon)
rCold   . . .        (no shield)
rNeg    . . .        (helmet restricted)
rPois   .            (no amulet)
rElec   .            m - +6 ring of dexterity
rCorr   +            d - ring of resist corrosion
SInv    .            (no ring)
Will    .....        (no ring)
Stlth   ++++         (no ring)
HPRegen 0.25/turn    (no ring)
MPRegen 0.11/turn    (no ring)
                     (no ring)

%: no passive effects
@: no status effects
A: almost no armour, amphibious, 8 rings, camouflage 1, gelatinous body 1,
(nimble swimmer 1), tentacles
a: no special abilities


You were on level 4 of the Dungeon.
You visited 1 branch of the dungeon, and saw 4 of its levels.

You collected 128 gold pieces.

Inventory:

Missiles
 i - 6 poisoned darts
Jewellery
 d - a ring of resist corrosion (right tentacle)
 m - a +6 ring of dexterity (left tentacle)
Scrolls
 c - a scroll of teleportation {unknown}
 e - 2 scrolls of noise
 f - a scroll of vulnerability
 g - 2 scrolls of torment
 k - 2 scrolls of poison
 l - 3 scrolls of amnesia
Potions
 a - a potion of magic
 b - 3 potions of might
 h - a potion of degeneration {unknown}
 j - 2 potions of curing {unknown}
 n - a potion of attraction {unknown}


   Skills:
 + Level 3.2 Dodging
 + Level 4.7 Stealth
 + Level 3.1 Spellcasting
 + Level 4.8 Conjurations


You had 7 spell levels left.
You knew the following spells:

 Your Spells              Type           Power      Damage    Failure   Level
a - Magic Dart            Conj           100%       1d8       1%          1
b - Searing Ray           Conj           50%        2d6       2%          2

Your spell library contained the following spells:

 Spells                   Type           Power      Damage    Failure   Level
 Dazzling Flash           Conj/Hex       28%        N/A       13%         3
 Call Canine Familiar     Summ           3%         N/A       34%         3
 Inner Flame              Hex/Fire       3%         N/A       34%         3
 Portal Projectile        Hex/Tloc       6%         N/A       34%         3
 Vhi's Electric Charge    Tloc/Air       6%         N/A       34%         3
 Fulminant Prism          Conj/Hex       7%         3d7       38%         4
 Iskenderun's Mystic Bla  Conj/Tloc      14%        2d5       38%         4
 Leda's Liquefaction      Hex/Erth       1%         N/A       75%         4
 Arcjolt                  Conj/Air       7%         1d17      75%         5
 Yara's Violent Unravell  Hex/Tmut       1%         3d3       97%         5
 Plasma Beam              Fire/Air       1%         2x1d11    100%        6
 Enfeeble                 Hex            1%         N/A       100%        7


Dungeon Overview and Level Annotations

Branches:
Dungeon (4/15)
 Temple: D:4-7

Altars:
Ashenzari

Shops:
D:3 ?


Innate Abilities, Weirdness & Mutations

You cannot wear most types of armour.
You are amphibious.
You can wear up to eight rings at the same time.
Your skin changes colour to match your surroundings (Stealth+).
Your rubbery body absorbs attacks. (AC +1, EV +1)
((You are camouflaged when in or above water. (Stealth+)))
You have tentacles for arms and can constrict up to eight enemies at once.


Message History

A kobold is nearby!
The magic dart hits the kobold.
You kill the kobold!
Magic restored.
Found a stone staircase leading down.
An ogre comes into view. It is wielding a +0 giant club.
Okay, then.
Casting: Magic Dart (safe; 1% risk of failure)
Confirm with . or Enter, or press ? or * to list all spells.
Aiming: Searing Ray (safe; 2% risk of failure)
Press: ? - help, Shift-Dir - straight line, f - ogre
Aim: an ogre, wielding a +0 giant club (90% to hit)
The searing ray hits the ogre!
The ogre is moderately wounded. (Press . to maintain the ray.)
The searing ray hits the ogre.
The ogre is moderately wounded.
The ogre closely misses you.
The searing ray misses the ogre.
The searing ray hits the ogre.
The ogre is heavily wounded.
You finish channelling your searing ray.
The ogre hits you with a +0 giant club!!
Ouch! That really hurt!
Casting: Searing Ray (safe; 2% risk of failure)
Confirm with . or Enter, or press ? or * to list all spells.
Aiming: Searing Ray (safe; 2% risk of failure)
Press: ? - help, Shift-Dir - straight line, f/p - ogre
Aim: an ogre, wielding a +0 giant club (heavily wounded, 90% to hit)
The searing ray hits the ogre.
The ogre is severely wounded. (Press . to maintain the ray.)
The ogre closely misses you.
The searing ray hits the ogre!
The ogre is almost dead.
The searing ray misses the ogre.
The ogre closely misses you.
Without enough magic to sustain it, your searing ray dissipates.
The ogre hits you with a +0 giant club!!
Ouch! That really hurt!
You die...

###.#######.####
#.#######.#
#.........#
#..######## #..#
#..# #..#
#.#.#..#
#....O@#
......#.##
#######.# #.#
>.. ... #... #..


You could see an ogre.

Vanquished Creatures
  Natasha (thrice) (D:3)
  An orc wizard (D:3)
  Robin (D:3)
  An adder (D:3)
  4 worms (D:2)
  A dart slug (D:1)
  3 orcs (D:3)
  3 ball pythons
  5 endoplasms
  2 giant cockroaches
  11 goblins
  7 hobgoblins
  A quokka (D:3)
  9 bats
  4 frilled lizards
  3 kobolds
  4 rats
63 creatures vanquished.

Notes
Turn   | Place    | Note
-------+----------+-------------------------------------------
     0 | D:1      | javelincjr the Octopode Conjurer began the quest for the
                  | Orb.
     0 | D:1      | Reached XP level 1. HP: 11/11 MP: 3/3
     2 | D:1      | Noticed a felid
     4 | D:1      | Noticed a formicid
     4 | D:1      | Noticed a draconian
     6 | D:1      | Noticed a vine stalker
     6 | D:1      | Noticed a human
     8 | D:1      | Noticed an elf
     8 | D:1      | Noticed an octopode
    10 | D:1      | Noticed a troll
    10 | D:1      | Noticed a ghoul
    12 | D:1      | Noticed a demonspawn
    12 | D:1      | Noticed a spriggan
    14 | D:1      | Noticed an armataur
    16 | D:1      | Noticed a vampire
    16 | D:1      | Noticed a tengu
    18 | D:1      | Noticed a merfolk
    18 | D:1      | Noticed a gargoyle
    20 | D:1      | Noticed a demigod
    20 | D:1      | Noticed a naga
    22 | D:1      | Noticed a minotaur
    22 | D:1      | Noticed an ogre
    24 | D:1      | Noticed a meteoran
    26 | D:1      | Noticed a tengu
    26 | D:1      | Noticed a formicid
    92 | D:1      | Found a faded altar of an unknown god.
   232 | D:1      | Reached XP level 2. HP: 17/17 MP: 1/5
   235 | D:1      | Learned a level 2 spell: Searing Ray
   815 | D:1      | Reached XP level 3. HP: 21/21 MP: 0/6
  1910 | D:3      | Reached XP level 4. HP: 27/27 MP: 3/7
  2016 | D:3      | Found Jujuumy's Magic Scroll Emporium.
  2133 | D:3      | Noticed Natasha
  2139 | D:3      | Killed Natasha
  2259 | D:3      | Found a broken altar of Ashenzari.
  2437 | D:3      | Reached XP level 5. HP: 9/31 MP: 0/9
  2529 | D:3      | Noticed Natasha
  2540 | D:3      | Killed Natasha
  2621 | D:3      | Noticed Natasha
  2625 | D:3      | Killed Natasha
  2713 | D:3      | Noticed Robin
  2717 | D:3      | Killed Robin
  3285 | D:4      | Noticed an ogre
  3297 | D:4      | Demolished by an ogre

Illustrated notes

Levels and vault maps discovered:
D:1:      kb_arrival_jail, layout_basic, basic_ecumenical_altar
D:2:      layout_basic
D:3:      layout_basic, mainiacjoe_overflow_alcove_4, serial_shops,
          nicolae_shop_tiny_real_fake_doors, uniq_natasha, uniq_robin
D:4:      layout_loops_cross, mainiacjoe_overflow_brackets

Skill      XL: |  1  2  3  4  5 |
---------------+----------------+-----
Stealth        | 3 4 |  4.7
Dodging        | 3 |  3.2
Spellcasting   | 3 |  3.1
Conjurations   | |  4.8

Action                     |  1- 3 |  4- 6 || total
---------------------------+-------+-------++-------
  Melee: Unarmed           |     5 |    11 ||    16
         Constrict         |     1 |     2 ||     3
         Tentacles         |       |     1 ||     1
   Cast: Magic Dart        |    67 |    48 ||   115
         Searing Ray       |     3 |     6 ||     9
    Use: Scroll            |       |     6 ||     6
  Dodge: Dodged            |     4 |    11 ||    15

Table legend: (Time is in decaauts)
 A = Elapsed time spent in this place.
 B = Non-inter-level travel time spent in this place.
 C = Inter-level travel time spent in this place.
 D = Time resting spent in this place.
 E = Time spent auto-exploring this place.
 F = Levels seen in this place.
 G = Mean time per level.
                   A        B        C        D        E       F      G
               +--------+--------+--------+--------+--------+-----+--------+
         Total |   3311 |   3207 |    104 |    124 |   2747 |   4 |  827.8 |
       Dungeon |   3311 |   3207 |    104 |    124 |   2747 |   4 |  827.8 |
               +--------+--------+--------+--------+--------+-----+--------+

Top non-repeatable levels by time:
     D:3: 1337 daAuts
     D:2: 968 daAuts
     D:1: 935 daAuts
     D:4: 69 daAuts
